 Dungeon Sprint DCSS version 0.18-a0-596-g6468885 (webtiles) character file.

359 shane the Fighter (level 6, -2/80 HPs)
             Began as a Troll Monk on Dec 3, 2015.
             Was an Elder of the Shining One.
             Slain by a hell rat (15 damage)
             ... summoned by a deep elf summoner
             ... in the Dungeon (Sprint V: "Ziggurat Sprint").
             The game lasted 00:06:32 (133 turns).

shane the Fighter (Troll Monk)                       Turns: 133, Time: 00:06:32

Health: -2/80      AC: 10    Str: 34    XL:     6   Next: 37%
Magic:  7/7        EV: 10    Int:  6    God:    the Shining One [****..]
Gold:   0          SH:  0    Dex: 12    Spells: 0 memorised, 5 levels left

rFire  + . .     SeeInvis .     F - +8 lance "Wyrmbane" {slay drac, +Rage rPois rF+ AC+5}
rCold  . . .     Clarity  .     a - +0 robe
rNeg   + + .     SustAt   .     (no shield)
rPois  +         Gourm    +     (helmet restricted)
rElec  .         Spirit   .     (no cloak)
rCorr  .         Dismiss  .     (gloves unavailable)
rMut   .         NoTele   +     (boots unavailable)
MR     .....                    (no amulet)
Stlth  +.........               q - +6 ring of strength
                                p - +6 ring of strength

@: glowing, not resistant to hostile enchantments, very unstealthy
A: unfitting armour, claws 3, fast metabolism 3, gourmand, regeneration 2,
shaggy fur 1, tough skin 2
a: Divine Shield, Cleansing Flame, Renounce Religion, Evoke Berserk Rage


You were in the Dungeon.
You worshipped the Shining One.
The Shining One was greatly pleased with you.
You were not hungry.

You visited 1 branch

Inventory:

Hand Weapons
 F - the +8 lance "Wyrmbane" (weapon) {slay drac, +Rage rPois rF+ AC+5}
   (You found it in the Dungeon)

   It affects your AC (+5).
   It protects you from fire.
   It protects you from poison.
   It lets you go berserk.
 G - a +5 demon blade
Armour
 a - a +0 robe (worn)
 C - a +5 crystal plate armour
Jewellery
 l - a +6 ring of dexterity
 m - a +6 ring of dexterity
 n - a +6 ring of intelligence
 o - a +6 ring of intelligence
 p - a +6 ring of strength (left claw)
 q - a +6 ring of strength (right claw)
Wands
 i - a wand of disintegration (7)
 j - a wand of fire (0)
 k - a wand of cold (3)
Scrolls
 h - 4 scrolls of blinking
 t - 4 scrolls of amnesia
 u - 3 scrolls of recharging
 v - 7 scrolls of fog
 x - 5 scrolls of identify
 y - 5 scrolls of remove curse
 z - 2 scrolls of fear
Potions
 c - 10 potions of curing
 d - 9 potions of heal wounds
 e - 6 potions of haste
 f - 7 potions of magic
 g - 3 potions of berserk rage
 A - 2 potions of brilliance
 B - 4 potions of resistance
 D - 5 potions of agility
 E - 5 potions of might
Comestibles
 b - 6 bread rations
 r - 42 fruits
 s - 4 meat rations


   Skills:
 * Level 11.1 Fighting
 - Level 2.4 Dodging
 - Level 1.1 Stealth
 - Level 4.0 Unarmed Combat
 + Level 3.6 Invocations
 + Level 2.5 Evocations


You had 5 spell levels left.
You didn't know any spells.

Dungeon Overview and Level Annotations

Branches:
Dungeon (1/1)

Altars:
Ashenzari
Cheibriados
Dithmenos
Elyvilon
Fedhas
Gozag
Kikubaaqudgha
Makhleb
Nemelex Xobeh
Okawaru
Pakellas
Qazlal
Ru
Sif Muna
Trog
Vehumet
Xom
Yredelemnul
Zin
The Shining One
Beogh
Jiyva
Lugonu


Innate Abilities, Weirdness & Mutations

You are too large for most types of armour.
You have claws for hands.
Your metabolism is lightning-fast.
You like to eat raw meat.
You heal very quickly.
You are covered in fur (AC +1).
You have very tough skin (AC +2).


Message History

The deep elf conjurer hits you but does no damage.
The hell rat barely misses you.
Attack whom?
Press: ? - help, Dir - move target cursor, f/p - deep elf summoner
Aim: a deep elf summoner, wielding a dagger and wearing a ring mail (moderately wounded, haloed)
You hit the deep elf summoner but do no damage.
The deep elf summoner is moderately wounded.
The hell rat bites you but does no damage.
The deep elf conjurer gestures at you while chanting.
The bolt of fire hits you! You resist.
* * * LOW HITPOINT WARNING * * *
The deep elf summoner hits you with a dagger.
* * * LOW HITPOINT WARNING * * *
Attack whom?
Press: ? - help, Dir - move target cursor, f/p - deep elf summoner
Aim: a deep elf summoner, wielding a dagger and wearing a ring mail (moderately wounded, haloed)
You hit the deep elf summoner.
The deep elf summoner is moderately wounded.
The hell rat bites you!
You die...

▓▓▓▓▓▓▓▓▓▓▓▓▓▓▓▓▓▓▓
▓.8©8.▓.8©8.▓.8©8.▓
▓.}[[.▓.[)).▓.....▓
▓..}..▓.....▓.:.).▓
▓.....▓.....▓..[..▓
▓.re..▓.....▓..)..▓
▓sese.▓.††..▓.....▓
▓re@r.▓.....▓▓▓▓▓▓▓
▓▓▓▓▓▓▓▓▓▓▓▓▓


You could see a demonic crawler, 2 deep elf summoners, a deep elf conjurer, a
jumping spider, a deep elf mage and 3 hell rats.

Vanquished Creatures
  2 wolves (D)
  A black bear (D)
  An orc priest (D)
  An orc (D)
5 creatures vanquished.

Notes
Turn   | Place    | Note
--------------------------------------------------------------
     0 | D        | shane the Troll Monk began the quest for the Orb.
     0 | D        | Reached XP level 1. HP: 22/22 MP: 0/0
     0 | D        | Found an iron altar of Okawaru.
     0 | D        | Found a burning altar of Makhleb.
     0 | D        | Found a radiant altar of Vehumet.
     0 | D        | Found a deep blue altar of Sif Muna.
     0 | D        | Found a shimmering altar of Xom.
     0 | D        | Found a bloodstained altar of Trog.
     7 | D        | Became a worshipper of the Shining One
     7 | D        | Reached * piety under the Shining One
     7 | D        | Reached ** piety under the Shining One
    16 | D        | Found a viscous altar of Jiyva.
    16 | D        | Found a roughly hewn altar of Beogh.
    16 | D        | Found a corrupted altar of Lugonu.
    16 | D        | Found a white marble altar of Elyvilon.
    20 | D        | Found a sparkling altar of Nemelex Xobeh.
    39 | D        | Reached skill level 5 in Fighting
    39 | D        | Reached XP level 2. HP: 28/35 MP: 0/3
    94 | D        | Entered arena 1.
    98 | D        | Reached skill level 6 in Fighting
    98 | D        | Reached XP level 3. HP: 27/45 MP: 4/4
   109 | D        | Entered arena 2.
   109 | D        | Noticed a wolf
   109 | D        | Noticed a wolf
   109 | D        | Reached *** piety under the Shining One
   109 | D        | Noticed a black bear
   111 | D        | Killed a wolf
   111 | D        | Reached skill level 9 in Fighting
   111 | D        | Reached skill level 1 in Evocations
   111 | D        | Reached XP level 4. HP: 21/59 MP: 5/5
   111 | D        | Reached XP level 5. HP: 23/67 MP: 6/6
   112 | D        | Killed a black bear
   112 | D        | Reached skill level 10 in Fighting
   116 | D        | Killed a wolf
   116 | D        | Reached skill level 11 in Fighting
   116 | D        | Reached XP level 6. HP: 40/80 MP: 7/7
   125 | D        | Entered arena 3.
   125 | D        | Noticed a deep elf conjurer
   125 | D        | Noticed a deep elf summoner
   125 | D        | Reached **** piety under the Shining One
   125 | D        | Noticed a deep elf summoner
   125 | D        | Noticed a deep elf mage
   131 | D        | Noticed a jumping spider
   131 | D        | Noticed a demonic crawler
   133 | D        | Slain by a hell rat

Vault maps used:
D:        sprint_v

Action                   |  1- 3 |  4- 6 || total
-------------------------+-------+-------++-------
Melee: Unarmed           |     1 |     2 ||     3
       Lance             |       |     6 ||     6
Evoke: Wand              |     4 |     3 ||     7
  Use: Potion            |     1 |     1 ||     2
       Scroll            |     1 |       ||     1
